BLB
PITTSBURGH MILLERS @ PHOENIX ROADRUNNERS
06/14/2059
 
TOP OF THE 1ST
Pittsburgh Millers batting - Pitching for Phoenix Roadrunners : RHP Chad Flanigan
Pitching: RHP Chad Flanigan
Batting: RHB Isaac Pack 0-0: Called Strike
0-1: Foul Ball, location: 2F
0-2: Foul Ball, location: 2F
0-2: Foul Ball, location: 2F
0-2: Strikes out swinging
Batting: LHB Jarquez Kafele 0-0: Reached on error, E1 (Groundball, 13S, EV 67.5 MPH)
Batting: LHB Gavin Tucker 0-0: Ball
1-0: Ball
2-0: Called Strike
2-1: Foul Ball, location: 2F
2-2: Fly out, F7 (Flyball, 78S, EV 96.2 MPH)
Batting: RHB LaMark Canete 0-0: Ball
Pickoff Throw to First - Out! 1-3
Top of the 1st over - 0 runs, 0 hits, 1 error, 0 left on base; Pittsburgh 0 - Phoenix 0
BOTTOM OF THE 1ST
Phoenix Roadrunners batting - Pitching for Pittsburgh Millers : RHP Drew Henthorne
Pitching: RHP Drew Henthorne
Batting: RHB Rick Anderson 0-0: Foul Ball, location: 2F
0-1: Ball
1-1: Foul Ball, location: 2F
1-2: Ground out 1-3 (Groundball, 13S, EV 67.5 MPH)
Batting: LHB Neil Wanat 0-0: Called Strike
0-1: Ball
1-1: Fly out, F8 (Line Drive, 8RM, EV 99.4 MPH)
Batting: LHB Rayshaun Stuart 0-0: Ball
1-0: Foul Ball, location: 2F
1-1: DOUBLE (Groundball, 3L, EV 107.5 MPH)
Batting: LHB Dwight Bell 0-0: Called Strike
0-1: Foul Ball, location: 2F
0-2: Ball
1-2: Ball
2-2: Foul Ball, location: 2F
2-2: SINGLE (Line Drive, 9S, EV 104.4 MPH)
Rayshaun Stuart to third
Runner from 3rd tries for Home, throw by RF and OUT! 9-2
Bottom of the 1st over - 0 runs, 2 hits, 0 errors, 1 left on base; Pittsburgh 0 - Phoenix 0
TOP OF THE 2ND
Pittsburgh Millers batting - Pitching for Phoenix Roadrunners : RHP Chad Flanigan
Batting: RHB LaMark Canete 0-0: Foul Ball, location: 2F
0-1: Foul Ball, location: 2F
0-2: Strikes out looking
Batting: LHB Byron Carlton 0-0: Hit by Pitch
Batting: LHB Zac Arellanes 0-0: Called Strike
0-1: Ball
Byron Carlton steals 2nd base
1-1: Ball
2-1: Foul Ball, location: 2F
2-2: Strikes out swinging
Batting: RHB Cato Flaig 0-0: Ball
Passed Ball!
Byron Carlton to third
1-0: Swinging Strike
1-1: Called Strike
1-2: Ball
2-2: Strikes out swinging
Top of the 2nd over - 0 runs, 0 hits, 0 errors, 1 left on base; Pittsburgh 0 - Phoenix 0
BOTTOM OF THE 2ND
Phoenix Roadrunners batting - Pitching for Pittsburgh Millers : RHP Drew Henthorne
Batting: LHB Devon Cundiff 0-0: Called Strike
0-1: Ground out 4-3 (Groundball, 4, EV 99.4 MPH)
Batting: RHB Tommy Simpson 0-0: Ball
1-0: Foul Ball, location: 2F
1-1: Ball
2-1: Fly out, F9 (Flyball, 89S, EV 94.4 MPH)
Batting: LHB Tavin Kang 0-0: Foul Ball, location: 2F
0-1: Ball
1-1: Foul Ball, location: 2F
1-2: Strikes out swinging
Bottom of the 2nd over - 0 runs, 0 hits, 0 errors, 0 left on base; Pittsburgh 0 - Phoenix 0
TOP OF THE 3RD
Pittsburgh Millers batting - Pitching for Phoenix Roadrunners : RHP Chad Flanigan
Batting: LHB Skye Maury 0-0: Ball
1-0: Swinging Strike
1-1: Ball
2-1: Fly out, F8 (Line Drive, 8LD, EV 98.1 MPH)
Batting: RHB Tevin Hawkins 0-0: Ball
1-0: Foul Ball, location: 2F
1-1: Ball
2-1: Fly out, F7 (Line Drive, 7D, EV 93.1 MPH)
Batting: RHB Isaac Pack 0-0: Called Strike
0-1: Called Strike
0-2: Strikes out swinging
Top of the 3rd over - 0 runs, 0 hits, 0 errors, 0 left on base; Pittsburgh 0 - Phoenix 0
BOTTOM OF THE 3RD
Phoenix Roadrunners batting - Pitching for Pittsburgh Millers : RHP Drew Henthorne
Batting: RHB Boone Gellings 0-0: Called Strike
0-1: Fly out, F9 (Flyball, 9, EV 82.5 MPH)
Batting: RHB Dalton Banks 0-0: Ball
1-0: Ball
2-0: Called Strike
2-1: Ball
3-1: Base on Balls
Batting: RHB Rick Anderson 0-0: Ball
1-0: SINGLE (Groundball, 34D, EV 110.0 MPH)
Dalton Banks to second
Runner from 2nd tries for 3rd, SAFE, throw by RF made at trailing runner, OUT! 9-6
Batting: LHB Neil Wanat 0-0: Called Strike
0-1: Called Strike
0-2: Ball
1-2: Foul Ball, location: 2F
1-2: Fly out, F9 (Flyball, 9, EV 90.6 MPH)
Bottom of the 3rd over - 0 runs, 1 hit, 0 errors, 1 left on base; Pittsburgh 0 - Phoenix 0
TOP OF THE 4TH
Pittsburgh Millers batting - Pitching for Phoenix Roadrunners : RHP Chad Flanigan
Batting: LHB Jarquez Kafele 0-0: Called Strike
0-1: Ball
1-1: Swinging Strike
1-2: Ball
2-2: Foul Ball, location: 2F
2-2: Fly out, F3 (Line Drive, 3, EV 63.8 MPH)
Batting: LHB Gavin Tucker 0-0: Foul Ball, location: 2F
0-1: Foul Ball, location: 2F
0-2: Ball
1-2: Strikes out looking
Batting: RHB LaMark Canete 0-0: Ball
1-0: Ball
2-0: Called Strike
2-1: Ground out 4-3 (Groundball, 4, EV 81.9 MPH)
Top of the 4th over - 0 runs, 0 hits, 0 errors, 0 left on base; Pittsburgh 0 - Phoenix 0
BOTTOM OF THE 4TH
Phoenix Roadrunners batting - Pitching for Pittsburgh Millers : RHP Drew Henthorne
Batting: LHB Rayshaun Stuart 0-0: Ball
1-0: Called Strike
1-1: SINGLE (Groundball, 34S, EV 96.2 MPH)
Batting: LHB Dwight Bell 0-0: Ball
1-0: Fielders Choice at 2nd, 3-6 (Groundball, 3, EV 80.6 MPH)
Batting: LHB Devon Cundiff 0-0: Ball
1-0: Foul Ball, location: 2F
1-1: Swinging Strike
1-2: Foul Ball, location: 2F
1-2: Ball
2-2: Foul Ball, location: 2F
2-2: Fielders Choice at 2nd, 4-6 (Groundball, 4, EV 100.6 MPH)
Batting: RHB Tommy Simpson 0-0: Ball
1-0: Called Strike
Devon Cundiff steals 2nd base
1-1: Swinging Strike
1-2: Ball
2-2: Strikes out looking
Bottom of the 4th over - 0 runs, 1 hit, 0 errors, 1 left on base; Pittsburgh 0 - Phoenix 0
TOP OF THE 5TH
Pittsburgh Millers batting - Pitching for Phoenix Roadrunners : RHP Chad Flanigan
Batting: LHB Byron Carlton 0-0: Ball
1-0: Foul Ball, location: 2F
1-1: Called Strike
1-2: Strikes out swinging
Batting: LHB Zac Arellanes 0-0: Ball
1-0: Swinging Strike
1-1: Foul Ball, location: 2F
1-2: Ball
2-2: Foul Ball, location: 2F
2-2: Ground out 6-3 (Groundball, 6, EV 83.1 MPH)
Batting: RHB Cato Flaig 0-0: Ball
1-0: Called Strike
1-1: Foul Ball, location: 2F
1-2: Ball
2-2: Ball
3-2: Strikes out swinging
Top of the 5th over - 0 runs, 0 hits, 0 errors, 0 left on base; Pittsburgh 0 - Phoenix 0
BOTTOM OF THE 5TH
Phoenix Roadrunners batting - Pitching for Pittsburgh Millers : RHP Drew Henthorne
Batting: LHB Tavin Kang 0-0: Called Strike
0-1: Swinging Strike
0-2: Ball
1-2: Ball
2-2: Strikes out looking
Batting: RHB Boone Gellings 0-0: Foul Ball, location: 2F
0-1: Swinging Strike
0-2: Ball
1-2: Strikes out swinging, 2-3 out at first.
Batting: RHB Dalton Banks 0-0: Called Strike
0-1: Fly out, F7 (Flyball, 78S, EV 82.5 MPH)
Bottom of the 5th over - 0 runs, 0 hits, 0 errors, 0 left on base; Pittsburgh 0 - Phoenix 0
TOP OF THE 6TH
Pittsburgh Millers batting - Pitching for Phoenix Roadrunners : RHP Chad Flanigan
Batting: LHB Skye Maury 0-0: Foul Ball, location: 2F
0-1: Foul Ball, location: 2F
0-2: Foul Ball, location: 2F
0-2: Foul Ball, location: 2F
0-2: Ball
1-2: Ground out 1-3 (Groundball, 15S, EV 61.9 MPH)
Batting: RHB Tevin Hawkins 0-0: Foul Ball, location: 2F
0-1: Ball
1-1: Called Strike
1-2: Strikes out swinging
Batting: RHB Isaac Pack 0-0: Ball
1-0: Foul Ball, location: 2F
1-1: Foul Ball, location: 2F
1-2: Ground out 6-3 (Groundball, 6, EV 86.9 MPH)
Top of the 6th over - 0 runs, 0 hits, 0 errors, 0 left on base; Pittsburgh 0 - Phoenix 0
BOTTOM OF THE 6TH
Phoenix Roadrunners batting - Pitching for Pittsburgh Millers : RHP Drew Henthorne
Batting: RHB Rick Anderson 0-0: Called Strike
0-1: Foul Ball, location: 2F
0-2: Foul Ball, location: 2F
0-2: Fly out, F8 (Flyball, 8RXD, EV 102.5 MPH)
Batting: LHB Neil Wanat 0-0: Called Strike
0-1: Ball
1-1: Swinging Strike
1-2: SINGLE (Groundball, 34D, EV 106.2 MPH)
Batting: LHB Rayshaun Stuart 0-0: Foul Ball, location: 2F
0-1: Called Strike
0-2: Strikes out swinging
Batting: LHB Dwight Bell 0-0: Foul Ball, location: 2F
0-1: Ball
1-1: Foul Ball, location: 2F
1-2: Strikes out looking
Bottom of the 6th over - 0 runs, 1 hit, 0 errors, 1 left on base; Pittsburgh 0 - Phoenix 0
TOP OF THE 7TH
Pittsburgh Millers batting - Pitching for Phoenix Roadrunners : RHP Chad Flanigan
Batting: LHB Jarquez Kafele 0-0: Ground out 5-3 (Groundball, 5S, EV 83.8 MPH)
Batting: LHB Gavin Tucker 0-0: Called Strike
0-1: Foul Ball, location: 2F
0-2: Ball
1-2: Ball
2-2: Ground out 4-3 (Groundball, 4S, EV 80.0 MPH)
Batting: RHB LaMark Canete 0-0: Ball
1-0: Foul Ball, location: 2F
1-1: Ball
2-1: Foul Ball, location: 2F
2-2: Foul Ball, location: 2F
2-2: Strikes out swinging
Top of the 7th over - 0 runs, 0 hits, 0 errors, 0 left on base; Pittsburgh 0 - Phoenix 0
BOTTOM OF THE 7TH
Phoenix Roadrunners batting - Pitching for Pittsburgh Millers : RHP Drew Henthorne
Batting: LHB Devon Cundiff 0-0: Ball
1-0: Called Strike
1-1: Ball
2-1: Called Strike
2-2: Strikes out swinging
Batting: RHB Tommy Simpson 0-0: Ball
1-0: Called Strike
1-1: Ball
2-1: Fly out, F8 (Line Drive, 8RM, EV 93.8 MPH)
Batting: LHB Tavin Kang 0-0: Called Strike
0-1: Swinging Strike
0-2: Strikes out swinging
Bottom of the 7th over - 0 runs, 0 hits, 0 errors, 0 left on base; Pittsburgh 0 - Phoenix 0
TOP OF THE 8TH
Pittsburgh Millers batting - Pitching for Phoenix Roadrunners : RHP Chad Flanigan
Batting: LHB Byron Carlton 0-0: Ball
1-0: DOUBLE (Line Drive, 78D, EV 104.4 MPH)
Batting: LHB Zac Arellanes 0-0: Intentional Walk
Pitching: LHP Logan Schneider
Batting: RHB Cato Flaig 0-0: Ball
1-0: Ball
2-0: Foul Ball, location: 2F
2-1: SINGLE (Groundball, 4MD, EV 105.0 MPH)
Byron Carlton to third
Zac Arellanes to second
Runner from 3rd tries for Home, SAFE, throw by CF to home
Batting: LHB Skye Maury 0-0: Grounds into double play, 6-4-3 (Groundball, 6, EV 86.2 MPH)
Zac Arellanes to third
Batting: RHB Tevin Hawkins 0-0: Ball
1-0: Swinging Strike
1-1: Ball
2-1: Ball
3-1: Fly out, F7 (Flyball, 7D, EV 94.4 MPH)
Top of the 8th over - 1 run, 2 hits, 0 errors, 1 left on base; Pittsburgh 1 - Phoenix 0
BOTTOM OF THE 8TH
Phoenix Roadrunners batting - Pitching for Pittsburgh Millers : RHP Drew Henthorne
Pitching: RHP Shavar Hannan
Batting: RHB Boone Gellings 0-0: Foul Ball, location: 2F
0-1: Ball
1-1: Ball
2-1: DOUBLE (Line Drive, 89XD, EV 113.8 MPH)
Batting: RHB Dalton Banks 0-0: Called Strike
0-1: Called Strike
0-2: Ground out 1-3 (Groundball, 13S, EV 67.5 MPH)
Boone Gellings to third
Batting: RHB Rick Anderson 0-0: Ball
1-0: Ball
2-0: Called Strike
2-1: Foul Ball, location: 2F
2-2: Ball
3-2: SINGLE (Groundball, 6MD, EV 105.6 MPH)
Boone Gellings scores
Batting: LHB Neil Wanat 0-0: Ball
1-0: Foul Ball, location: 2F
1-1: Swinging Strike
1-2: Foul Ball, location: 2F
1-2: Strikes out looking
Batting: LHB Rayshaun Stuart 0-0: Called Strike
0-1: Ball
Rick Anderson is caught stealing 2nd base 2-6
Bottom of the 8th over - 1 run, 2 hits, 0 errors, 0 left on base; Pittsburgh 1 - Phoenix 1
TOP OF THE 9TH
Pittsburgh Millers batting - Pitching for Phoenix Roadrunners : LHP Logan Schneider
Batting: RHB Isaac Pack 0-0: Ball
1-0: Foul Ball, location: 2F
1-1: Foul Ball, location: 2F
1-2: Foul Ball, location: 2F
1-2: Ball
2-2: Foul Ball, location: 2F
2-2: Ball
3-2: Fly out, F6 (Popup, 6MS, EV 71.2 MPH)
Batting: LHB Jarquez Kafele 0-0: Ball
1-0: Foul Ball, location: 2F
1-1: Ball
2-1: Ball
3-1: Swinging Strike
3-2: Base on Balls
Pinch Hitting: RHB Colton Coffin 0-0: Foul Ball, location: 2F
0-1: Ball
1-1: Foul Ball, location: 2F
1-2: Foul Ball, location: 2F
1-2: Ball
2-2: Foul Ball, location: 2F
2-2: Ball
3-2: Base on Balls
Jarquez Kafele to second
Batting: RHB LaMark Canete 0-0: Called Strike
0-1: Ball
1-1: Foul Ball, location: 2F
1-2: Strikes out swinging
Batting: LHB Byron Carlton 0-0: Fly out, F8 (Line Drive, 8LD, EV 91.2 MPH)
Top of the 9th over - 0 runs, 0 hits, 0 errors, 2 left on base; Pittsburgh 1 - Phoenix 1
BOTTOM OF THE 9TH
Phoenix Roadrunners batting - Pitching for Pittsburgh Millers : RHP Shavar Hannan
Now in CF: Seth Laskie
Batting: LHB Rayshaun Stuart 0-0: Ball
1-0: Ball
2-0: Ground out 6-3 (Groundball, 6, EV 86.9 MPH)
Batting: LHB Dwight Bell 0-0: SINGLE (Groundball, 25, EV 69.4 MPH) (infield hit)
Pitching: LHP Garry Fanalua
Pinch Hitting: RHB Reginald Botoman 0-0: Ball
1-0: Called Strike
Dwight Bell steals 2nd base
1-1: Ball
2-1: Foul Ball, location: 2F
2-2: Ball
3-2: Strikes out swinging
Batting: RHB Tommy Simpson 0-0: Intentional Walk
Pinch Hitting: RHB Cody Barkley 0-0: Swinging Strike
0-1: Called Strike
0-2: Ball
1-2: Strikes out swinging
Bottom of the 9th over - 0 runs, 1 hit, 0 errors, 2 left on base; Pittsburgh 1 - Phoenix 1
TOP OF THE 10TH
Pittsburgh Millers batting - Pitching for Phoenix Roadrunners : LHP Logan Schneider
Pitching: LHP Gerold Lentz
Now at SS: Harrison Jordan
Now in LF: Reginald Botoman
Now in CF: Rick Anderson
Batting: LHB Zac Arellanes 0-0: Ball
1-0: Foul Ball, location: 2F
1-1: Swinging Strike
1-2: Ball
2-2: Ball
3-2: Base on Balls
Batting: RHB Cato Flaig 0-0: Ball
1-0: Ball
2-0: Ball
3-0: Called Strike
3-1: Grounds into double play, 3-6-1 (Groundball, 3, EV 86.9 MPH)
Batting: LHB Skye Maury 0-0: Fly out, F8 (Flyball, 89M, EV 90.0 MPH)
Top of the 10th over - 0 runs, 0 hits, 0 errors, 0 left on base; Pittsburgh 1 - Phoenix 1
BOTTOM OF THE 10TH
Phoenix Roadrunners batting - Pitching for Pittsburgh Millers : LHP Garry Fanalua
Batting: RHB Boone Gellings 0-0: Ball
1-0: Ball
2-0: Called Strike
2-1: Foul Ball, location: 2F
2-2: Foul Ball, location: 2F
2-2: Ball
3-2: Ground out 6-3 (Groundball, 6, EV 86.2 MPH)
Batting: RHB Dalton Banks 0-0: Ball
1-0: Called Strike
1-1: Ball
2-1: Swinging Strike
2-2: Foul Ball, location: 2F
2-2: Strikes out swinging
Batting: RHB Rick Anderson 0-0: Called Strike
0-1: Ball
1-1: Foul Ball, location: 2F
1-2: Foul Ball, location: 2F
1-2: Foul Ball, location: 2F
1-2: SINGLE (Groundball, 34D, EV 95.0 MPH)
Batting: LHB Neil Wanat 0-0: Swinging Strike
Rick Anderson steals 2nd base (no throw)
0-1: Ball
1-1: Called Strike
1-2: Foul Ball, location: 2F
1-2: Ball
2-2: Foul Ball, location: 2F
2-2: Strikes out swinging
Bottom of the 10th over - 0 runs, 1 hit, 0 errors, 1 left on base; Pittsburgh 1 - Phoenix 1
TOP OF THE 11TH
Pittsburgh Millers batting - Pitching for Phoenix Roadrunners : LHP Gerold Lentz
Batting: RHB Tevin Hawkins 0-0: Called Strike
0-1: Fly out, F9 (Line Drive, 9, EV 87.5 MPH)
Batting: RHB Isaac Pack 0-0: Ball
1-0: Foul Ball, location: 2F
1-1: Ball
2-1: Ball
3-1: Foul Ball, location: 2F
3-2: Ground out 5-3 (Groundball, 56, EV 85.6 MPH)
Batting: LHB Jarquez Kafele 0-0: Foul Ball, location: 2F
0-1: SINGLE (Line Drive, 8RS, EV 106.9 MPH)
Batting: RHB Seth Laskie 0-0: Foul Ball, location: 2F
0-1: Foul Ball, location: 2F
0-2: Ball
1-2: Ball
2-2: Ball
Jarquez Kafele is caught stealing 2nd base 2-4
Top of the 11th over - 0 runs, 1 hit, 0 errors, 0 left on base; Pittsburgh 1 - Phoenix 1
BOTTOM OF THE 11TH
Phoenix Roadrunners batting - Pitching for Pittsburgh Millers : LHP Garry Fanalua
Batting: LHB Rayshaun Stuart 0-0: Ball
1-0: Ground out 4-3 (Groundball, 4, EV 86.9 MPH)
Pinch Hitting: RHB Lucas Sampley 0-0: Foul Ball, location: 2F
0-1: Ball
1-1: Ball
2-1: Foul Ball, location: 2F
2-2: Fly out, F9 (Flyball, 9D, EV 93.1 MPH)
Batting: RHB Reginald Botoman 0-0: Ball
1-0: Foul Ball, location: 2F
1-1: Ball
2-1: Ball
3-1: Called Strike
3-2: Base on Balls
Batting: RHB Tommy Simpson 0-0: Called Strike
0-1: Ball
1-1: Foul Ball, location: 2F
1-2: Ball
2-2: Ball
3-2: Foul Ball, location: 2F
3-2: 2-RUN HOME RUN (Flyball, 7D, EV 99.4 MPH), Distance : 366 ft
Bottom of the 11th over - 2 runs, 1 hit, 0 errors, 0 left on base; Pittsburgh 1 - Phoenix 3
Tuesday, March 5th , 2024 - OOTP Baseball 23.10 Build 110